 Dungeon Crawl Stone Soup version 0.31-a0-524-g2a164cf6a2 (webtiles) character file.

Game seed: 10643213614203001929

4228 Gargoyl the Cleaver (level 10, -7/64 HPs)
             Began as a Gargoyle Berserker on Aug 12, 2023.
             Was a Priest of Trog.
             Mangled by a spriggan simulacrum (20 damage)
             ... in an ice cave.
             The game lasted 00:10:40 (9103 turns).

Gargoyl the Cleaver (Gargoyle Berserker)            Turns: 9103, Time: 00:10:40

Health: -7/64      AC: 21    Str: 23    XL:     10   Next: 30%
Magic:  10/10      EV:  8    Int:  8    God:    Trog [***...]
Gold:   427        SH:  0    Dex: 11    Spells: 9/9 levels left

rFire   . . .        w - +4 battleaxe (freeze)
rCold   . . .        (shield currently unavailable)
rNeg    + . .        D - +0 plate armour
rPois   ∞            q - +1 hat
rElec   +            F - scarf {repulsion}
rCorr   .            f - +0 pair of gloves
SInv    +            (no boots)
Will    ++...        (no amulet) Stlth
                     h - ring of see invisible
HPRegen 1.30/turn    (no ring)
MPRegen 0.12/turn

%: repel missiles
@: strong-willed, regenerating
A: sickness immunity, AC +7, negative energy resistance 1, electricity
resistance, torment resistance 1, petrification resistance
a: Renounce Religion, Berserk, Trog's Hand


You were in an ice cave.
You worshipped Trog.
Trog was most pleased with you.
You visited 1 branch of the dungeon, and saw 10 of its levels.
You also visited: Sewer, Ossuary and Ice Cave.

You collected 522 gold pieces.
You spent 95 gold pieces at shops.

Inventory:

Hand Weapons
 a - a +2 heavy hand axe
 w - a +4 battleaxe of freezing (weapon)
 y - a +1 flail of venom
 E - the +1 long sword of Hiraosk {flame, Int+2}
   (You found it on level 6 of the Dungeon)

   Int+2:     It affects your intelligence (+2).
Missiles
 p - 6 poisoned darts (quivered)
Armour
 f - a +0 pair of gloves (worn)
 q - a +1 hat (worn)
 D - a +0 plate armour (worn)
 F - a scarf of repulsion (worn)
Jewellery
 h - a ring of see invisible (left hand)
 r - a +6 ring of intelligence
 u - a ring of protection from cold
 A - a ring of protection from cold
 C - a ring of magical power
 G - an amulet of faith
 H - the ring "Nuruphe" {Fire rElec rN+ Will- Slay+3}
   (You found it on level 7 of the Dungeon)

   [ring of fire]

   Fire:      It enhances your fire magic.
   Slay+3:    It affects your accuracy & damage with ranged weapons and melee
   (+3).
   rF+:       It protects you from fire.
   rC-:       It makes you vulnerable to cold.
   rElec:     It insulates you from electricity.
   rN+:       It protects you from negative energy.
   Will-:     It decreases your willpower.
Wands
 k - a wand of roots (10)
 t - a wand of paralysis (4)
 B - a wand of polymorph (1)
Scrolls
 e - 4 scrolls of teleportation
 n - 3 scrolls of revelation
Potions
 b - a potion of mutation
 c - 4 potions of curing
 g - a potion of heal wounds
 i - 6 potions of enlightenment
 j - 5 potions of lignification
 l - a potion of might
 m - a potion of magic
 o - a potion of invisibility {unknown}
 s - a potion of haste {unknown}
 v - 3 potions of brilliance {unknown}
 x - a potion of resistance


   Skills:
 + Level 8.1 Fighting
 + Level 10.4 Axes
 + Level 0.2 Throwing
 + Level 4.3 Armour
 + Level 4.6 Dodging
 + Level 3.5 Stealth


You had 9 spell levels left.
You didn't know any spells.
Your spell library was empty.

Dungeon Overview and Level Annotations

Branches:
Dungeon (9/15)             Temple (0/1) D:7           Sewer (visited)
Ossuary (visited)           IceCv (1/1)
   Lair: D:8-11         Orc: D:9-12

Altars:
Ashenzari
Cheibriados
Fedhas
Okawaru
Zin

Shops:
D:3 *


Innate Abilities, Weirdness & Mutations

You are immune to sickness and miasma.
Your stone body is resilient. (AC +7)
You are immune to poison.
You resist negative energy. (rN+)
You are resistant to electric shocks. (rElec)
You are resistant to unholy torment.
You are immune to petrification.


Message History

Your skin crawls.
You feel strong-willed. The reaper completely misses you.
Unknown command.
You feel much better. The reaper hits you but does no damage.
As you read the scroll of teleportation, it crumbles to dust.
You feel strangely unstable. The reaper barely misses you.
Unknown command.
You hit the reaper but do no damage.
The reaper hits you with a +2 scythe of freezing.
The reaper freezes you.
Unknown command.
You closely miss the reaper.
The reaper hits you with a +2 scythe of freezing!!
* * * LOW HITPOINT WARNING * * *
The reaper freezes you!
* * * LOW HITPOINT WARNING * * *
Unknown command.
You closely miss the reaper.
The reaper hits you with a +2 scythe of freezing!
* * * LOW HITPOINT WARNING * * *
The reaper freezes you.
* * * LOW HITPOINT WARNING * * *
A spriggan simulacrum comes into view.
Unknown command.
You feel much better.
Your surroundings suddenly seem different.
Unknown command.
The spriggan simulacrum hits you but does no damage.
The spriggan simulacrum barely misses you.
The spriggan simulacrum attacks as you move away!
The spriggan simulacrum hits you but does no damage.
There is an ice choked empty arch of ancient stone here.
The spriggan simulacrum hits you! The spriggan simulacrum freezes you!
* * * LOW HITPOINT WARNING * * *
There is an ice covered gate leading back out of this place here.
The spriggan simulacrum hits you.
* * * LOW HITPOINT WARNING * * *
The spriggan simulacrum freezes you!!
You die...

. #### Z. #
######..## ..5#.
##..##....##
...5.###......Z...#
45....#......Z∩Z@.#
#....##.......#
##..#####....##
#### ##..## ####


You could see an elephant simulacrum, a spriggan simulacrum and a troll
simulacrum.

Vanquished Creatures
  An unseen horror (D:8)
  A steam dragon (D:7)
  2 water moccasins
  A black bear (D:7)
  2 ogres (D:5)
  3 centaurs
  4 elf zombies (Ossuary)
  3 bullfrogs
  2 scorpions
  10 wights
  12 killer bees
  2 quasits (D:4)
  A human zombie (Ossuary)
  2 jellies
  3 orc priests (D:7)
  Crazy Yiuf (D:7)
  3 hounds
  8 iguanas
  Jessica (D:2)
  2 orc wizards
  2 sleepcaps (D:7)
  An ogre zombie (D:5)
  2 mummies (Ossuary)
  8 adders
  7 gnolls
  A gnoll zombie (D:5)
  3 river rats (Sewer)
  3 shadow imps
  8 white imps
  2 ufetubi
  2 worms
  9 orcs
  5 endoplasms
  4 giant cockroaches
  4 goblins
  2 hobgoblins
  3 jackals (D:3)
  4 kobolds
  8 quokkas
  8 ball pythons
  5 bats
  7 frilled lizards
  5 hobgoblin zombies (Ossuary)
  5 jackal zombies (Ossuary)
  9 kobold zombies (Ossuary)
  12 orc zombies
  A quokka zombie (D:4)
  8 rats
  3 rat zombies
205 creatures vanquished.

Vanquished Creatures (collateral kills)
  Jeremiah (D:7)
1 creature vanquished.

Grand Total: 206 creatures vanquished

Notes
Turn   | Place    | Note
-------+----------+-------------------------------------------
     0 | D:1      | Gargoyl the Gargoyle Berserker began the quest for the Orb.
     0 | D:1      | Reached XP level 1. HP: 14/14 MP: 1/1
   299 | D:1      | Reached XP level 2. HP: 11/19 MP: 2/2
   366 | D:1      | Reached skill level 3 in Axes
   984 | D:2      | Noticed Jessica
  1002 | D:2      | Killed Jessica
  1003 | D:2      | Reached XP level 3. HP: 14/24 MP: 3/3
  1221 | D:2      | Reached XP level 4. HP: 21/29 MP: 4/4
  2025 | D:3      | Found Qivaq's General Store.
  2051 | D:3      | Reached skill level 4 in Axes
  2051 | D:3      | Reached XP level 5. HP: 30/33 MP: 5/5
  2058 | D:3      | Found a glowing drain.
  2088 | Sewer    | Entered a sewer
  2191 | Sewer    | Reached ** piety under Trog
  2621 | D:3      | Found a blossoming altar of Fedhas.
  2647 | D:3      | Found the +3 greatsling "Punk" {acid, rCorr}
  2654 | D:3      | Bought a scroll of brand weapon for 95 gold pieces
  2875 | D:3      | Found an iron altar of Okawaru.
  3218 | D:4      | Found a sand-covered staircase.
  3226 | Ossuary  | Entered an ossuary
  3305 | Ossuary  | Reached XP level 6. HP: 39/39 MP: 6/6
  3352 | Ossuary  | Reached *** piety under Trog
  3459 | Ossuary  | Reached skill level 1 in Stealth
  3608 | Ossuary  | Reached skill level 5 in Axes
  3735 | Ossuary  | Reached skill level 5 in Fighting
  3735 | Ossuary  | Reached XP level 7. HP: 29/44 MP: 7/7
  4448 | D:4      | Reached skill level 6 in Axes
  4608 | D:5      | Entered Level 5 of the Dungeon
  4644 | D:5      | Found a transporter.
  4673 | D:5      | Reached XP level 8. HP: 50/50 MP: 8/8
  5157 | D:5      | Found a transporter.
  5322 | D:6      | Identified a scroll of acquirement
  5322 | D:6      | Acquired a +4 battleaxe of freezing
  5448 | D:6      | Reached skill level 7 in Axes
  5720 | D:6      | Reached **** piety under Trog
  5770 | D:6      | Found a broken altar of Ashenzari.
  6143 | D:6      | Identified the +1 long sword of Hiraosk {flame, Int+2}
  6181 | D:6      | Reached XP level 9. HP: 51/56 MP: 9/9
  6739 | D:7      | Reached skill level 8 in Axes
  6991 | D:7      | Found a staircase to the Ecumenical Temple.
  7088 | D:7      | Found a glowing silver altar of Zin.
  7407 | D:7      | Found a runed translucent door.
  7408 | D:7      | Noticed Crazy Yiuf
  7616 | D:7      | Found a snail-covered altar of Cheibriados.
  7646 | D:7      | Reached skill level 9 in Axes
  7750 | D:7      | Identified the ring "Nuruphe" {Fire rElec rN+ Will- Slay+3}
  7918 | D:7      | Noticed Jeremiah
  7934 | D:7      | Killed Jeremiah
  7935 | D:7      | Reached XP level 10. HP: 57/64 MP: 10/10
  8050 | D:7      | Killed Crazy Yiuf
  8202 | D:8      | Noticed an unseen horror
  8210 | D:8      | Killed an unseen horror
  8211 | D:8      | Reached skill level 10 in Axes
  9039 | D:9      | You fall into a shaft and drop 3 floors!
  9064 | D:12     | Found a frozen archway.
  9073 | IceCv    | Entered an ice cave
  9087 | IceCv    | Noticed a reaper
  9093 | IceCv    | HP: 3/64 [reaper/+2 scythe of freezing (1)]
  9103 | IceCv    | Mangled by a spriggan simulacrum

Illustrated notes

Levels and vault maps discovered:
D:1:      minmay_arrival_checkered_box, layout_basic
D:2:      layout_loops_ring, solitary_fountain, uniq_jessica
D:3:      layout_loops_ring, mainiacjoe_overflow_big_doors,
          gup_sewer_entry_pipe, serial_shops, nicolae_shop_tiny_statue_garden
D:4:      layout_basic, enter_ossuary_4, serial_demonic, serial_demonic_e,
          serial_demonic_e, serial_demonic_e, serial_demonic_d,
          serial_demonic_e, serial_demonic_d, serial_demonic_e
D:5:      gammafunk_cloud_chamber, layout_rooms, kennysheep_small_square
D:6:      layout_layer_cave, nicolae_ashenzari_skybound, patterned_corridor
D:7:      layout_gridville, lemuel_doored_altar, nicolae_overflow_hidden_temple,
          minmay_temple_entry_junction, grunt_ministairs_9,
          uniq_crazy_yiuf_cottage, uniq_jeremiah
D:8:      layout_layer_cave
D:9:      layout_rooms, nicolae_shop_fire_sale [nicolae_sub_dead_trees]
D:12:     layout_basic, portal_ice_cave_entry_pillars_2
IceCv:    ice_cave_small_demon

Skill      XL: |  1  2  3  4  5  6  7  8  9 10 |
---------------+-------------------------------+-----
Axes           | 3 4 5 6 7 9 10 | 10.4
Fighting       | 4 5 6 7 8 |  8.1
Dodging        | 2 3 4 |  4.6
Stealth        | 1 2 3 |  3.5
Armour         | 4 |  4.3
Throwing       | |  0.2

Action                     |  1- 3 |  4- 6 |  7- 9 | 10-12 || total
---------------------------+-------+-------+-------+-------++-------
  Melee: Hand axe          |    94 |   263 |   111 |       ||   468
         Punch             |     1 |     4 |     1 |       ||     6
         Battleaxe         |       |       |   110 |    39 ||   149
  Throw: Dart              |       |       |     2 |       ||     2
 Invoke: Berserk           |       |     2 |    11 |       ||    13
         Trog's Hand       |       |       |     4 |     1 ||     5
         Brothers in Arms  |       |       |     1 |       ||     1
    Use: Scroll            |       |     9 |     8 |     6 ||    23
         Potion            |       |       |       |     3 ||     3
   Stab: Sleeping          |       |     2 |     1 |       ||     3
 Armour: Animal skin       |    45 |   119 |    77 |       ||   241
         Plate armour      |       |       |    93 |    78 ||   171
  Dodge: Dodged            |    65 |   228 |   209 |    52 ||   554

Table legend: (Time is in decaauts)
 A = Elapsed time spent in this place.
 B = Non-inter-level travel time spent in this place.
 C = Inter-level travel time spent in this place.
 D = Time resting spent in this place.
 E = Time spent auto-exploring this place.
 F = Levels seen in this place.
 G = Mean time per level.
                   A        B        C        D        E       F      G
               +--------+--------+--------+--------+--------+-----+--------+
         Total |   9499 |   9273 |    226 |    619 |   6437 |  13 |  730.7 |
       Dungeon |   8329 |   8103 |    226 |    369 |   6137 |  10 |  832.9 |
         Sewer |    457 |    457 |      0 |      0 |    197 |   1 |  457.0 |
       Ossuary |    682 |    682 |      0 |    250 |     95 |   1 |  682.0 |
      Ice Cave |     30 |     30 |      0 |      0 |      7 |   1 |   30.0 |
               +--------+--------+--------+--------+--------+-----+--------+

Top non-repeatable levels by time:
     D:7: 1435 daAuts
     D:6: 1434 daAuts
     D:4: 1119 daAuts
     D:1: 993 daAuts
     D:8: 944 daAuts
     D:2: 860 daAuts
     D:3: 746 daAuts
     D:5: 744 daAuts
 Ossuary: 682 daAuts
   Sewer: 457 daAuts
    D:12: 33 daAuts
   IceCv: 30 daAuts
     D:9: 18 daAuts
